 Dungeon Crawl Stone Soup version 0.27-a0-1555-g0e7b3fb1d2 (webtiles) character file.

Game seed: 11601990437061395638

557 Spaninq the Ruffian (level 7, -1/59 HPs)
             Began as a Yellow Draconian Transmuter on July 14, 2021.
             Killed by divine providence
             ... invoked by an orc priest
              (17 damage)
             ... on level 5 of the Dungeon.
             The game lasted 00:10:15 (3646 turns).

Spaninq the Ruffian (Yellow Draconian Transmuter)   Turns: 3646, Time: 00:10:16

Health: -1/59      AC:  6    Str: 12    XL:     7   Next: 9%
Magic:  9/10       EV: 13    Int: 16    God:
Gold:   174        SH:  0    Dex: 17    Spells: 9/10 levels left

rFire    . . .     SeeInvis .     - Unarmed
rCold    . . .     Faith    .   (no shield)
rNeg     . . .     Spirit   .   (armour unavailable)
rPois    .         Reflect  .   (helmet currently unavailable)
rElec    .         Harm     .   (no cloak)
rCorr    +         Rampage  .   (no gloves)
Will     .....                  (boots currently unavailable)
Stlth    ++........             (no amulet)
HPRegen  0.19/turn              g - +6 ring of dexterity
MPRegen  0.12/turn              (no ring)

@: appendages (expiring)
A: horns 2, talons 2, spit acid, AC +6, unfitting armour, cold-blooded, acid
resistance
a: Breathe Acid, End Transformation


You were on level 5 of the Dungeon.
You had temporarily grown beastly horns and talons.
You visited 1 branch of the dungeon, and saw 5 of its levels.

You collected 174 gold pieces.

Inventory:

Jewellery
 g - a +6 ring of dexterity (left hand)
Scrolls
 a - 5 scrolls of identify {unknown}
 b - 2 scrolls of enchant weapon {unknown}
 c - 4 scrolls of teleportation {unknown}
 d - a scroll of summoning {unknown}
 e - 2 scrolls of fear {unknown}
 f - a scroll of amnesia {unknown}
 k - a scroll of torment {unknown}
 m - a scroll of enchant armour {unknown}
 n - 2 scrolls of immolation {unknown}
 o - 2 scrolls of magic mapping {unknown}
 p - a scroll of acquirement {unknown}
 q - 2 scrolls of holy word {unknown}
Potions
 i - a potion of curing
 j - 2 potions of attraction
 l - a potion of might {unknown}
 r - a potion of cancellation {unknown}


   Skills:
 + Level 4.2 Fighting
 + Level 3.7 Dodging
 * Level 6.1 Unarmed Combat
 - Level 2.0 Spellcasting
 - Level 2.0 Transmutations


You had 9 spell levels left.
You knew the following spells:

 Your Spells              Type           Power      Damage    Failure   Level
a - Beastly Appendage     Tmut           16%        N/A       9%          1

Your spell library contained the following spells:

 Spells                   Type           Power      Damage    Failure   Level
 Wereblood                Tmut           8%         N/A       14%         2
 Spider Form              Tmut/Pois      2%         N/A       38%         3
 Dazzling Flash           Conj/Hex       2%         N/A       52%         3
 Ice Form                 Ice/Tmut       4%         N/A       80%         4
 Iskenderun's Mystic Bla  Conj/Tloc      1%         2d3       90%         4
 Summon Ice Beast         Ice/Summ       1%         N/A       90%         4
 Fireball                 Conj/Fire      0%         3d3       99%         5
 Freezing Cloud           Conj/Ice/Air   0%         6-21      99%         5
 Iskenderun's Battlesphe  Conj           1%         2d6       99%         5
 Summon Mana Viper        Hex/Summ       1%         N/A       99%         5
 Conjure Ball Lightning   Conj/Air       0%         3x3d6     100%        6
 Simulacrum               Ice/Necr       0%         N/A       100%        6
 Starburst                Conj/Fire      0%         8x6d3     100%        6
 Monstrous Menagerie      Summ           0%         N/A       100%        7
 Orb of Destruction       Conj           0%         N/A       100%        7
 Polar Vortex             Ice            0%         N/A       100%        9


Dungeon Overview and Level Annotations

Branches:
Dungeon (5/15)
 Temple: D:4-7

Altars:


Innate Abilities, Weirdness & Mutations

You have temporarily grown beastly horns and talons.
You can spit globs of acid.
Your golden yellow scales are hard. (AC +6)
You cannot fit into any form of body armour.
You are cold-blooded and may be slowed by cold attacks.
You are resistant to acid. (rCorr)


Message History

You hit the orc priest but do no damage.
Your kick misses the orc priest. The orc priest barely misses you.
The orc barely misses you.
You hit the orc priest. You claw the orc priest.
You tail-slap the orc priest, but do no damage.
The orc priest is lightly wounded.
The orc priest hits you with a +0 club.
You hit the orc priest.
You claw the orc priest, but do no damage.
You headbutt the orc priest, but do no damage.
The orc priest is moderately wounded.
The orc barely misses you.
You barely miss the orc priest. You claw the orc priest.
The orc priest is heavily wounded.
Your horns disappear.
Your talons disappear.
The orc priest invokes the aid of Beogh against you.
Beogh smites you! The orc hits you with a +0 dagger.
You closely miss the orc priest.
Your tail-slap misses the orc priest.
The orc priest is heavily wounded.
The orc priest hits you but does no damage.
The orc closely misses you.
Casting: Beastly Appendage (safe; 9% risk of failure)
Confirm with . or Enter, or press ? or * to list all spells.
You grow a pair of large bovine horns.
Your feet morph into talons.
Your transformation is almost over.
The orc priest closely misses you. The orc hits you with a +0 dagger.
You barely miss the orc priest.
You claw the orc priest, but do no damage.
Your tail-slap misses the orc priest.
The orc priest is heavily wounded.
The orc priest hits you with a +0 club.
* * * LOW HITPOINT WARNING * * *
The orc hits you with a +0 dagger.
* * * LOW HITPOINT WARNING * * *
You hit the orc priest. Your kick misses the orc priest.
The orc priest is severely wounded.
You have got your breath back.
The orc priest mumbles some strange prayers to Beogh against you.
Beogh smites you!
You die...

#... ..#.#..#
#..#####.#[#..#
#.<...##.#.#..
#..#..##.#.#..
#........#.#<###
#..........#...
#..........#.#
#......###..)#
#........###@#
#......#.#
#oo......
#......#.#
########.
##.....#.#
.........#.#
.........#.#
........)#+#
..........
..........


You could see an orc priest and an orc.

Vanquished Creatures
  An ice beast (D:5)
  An ogre (D:4)
  A scorpion (D:4)
  A centaur zombie (D:4)
  A hound (D:4)
  An iguana (D:4)
  An orc wizard (D:5)
  7 adders
  An adder skeleton (D:2)
  3 worms (D:2)
  6 dart slugs
  12 orcs
  9 ball pythons
  11 endoplasms
  3 giant cockroaches
  8 goblins
  6 hobgoblins
  5 jackals
  A quokka (D:5)
  8 bats
  4 frilled lizards
  8 kobolds
  8 rats
107 creatures vanquished.

Notes
Turn   | Place    | Note
-------+----------+-------------------------------------------
     0 | D:1      | Spaninq the Draconian Transmuter began the quest for the
                  | Orb.
     0 | D:1      | Reached XP level 1. HP: 16/16 MP: 3/3
   115 | D:1      | Found a faded altar of an unknown god.
   165 | D:1      | Reached XP level 2. HP: 7/23 MP: 1/5
   679 | D:1      | Reached XP level 3. HP: 29/29 MP: 3/6
   946 | D:2      | Reached skill level 4 in Unarmed Combat
  1032 | D:2      | Reached XP level 4. HP: 36/36 MP: 5/7
  1791 | D:3      | Reached XP level 5. HP: 39/44 MP: 6/8
  2332 | D:4      | Reached skill level 5 in Unarmed Combat
  2441 | D:4      | Reached XP level 6. HP: 20/51 MP: 9/9
  3346 | D:5      | Entered Level 5 of the Dungeon
  3362 | D:5      | Noticed an ice beast
  3382 | D:5      | Killed an ice beast
  3383 | D:5      | Reached skill level 6 in Unarmed Combat
  3383 | D:5      | Your scales start taking on a golden yellow colour.
  3383 | D:5      | Reached XP level 7. HP: 7/59 MP: 8/10
  3383 | D:5      | Gained mutation: You are resistant to acid. (rCorr) [Yellow
                  | Draconian growth]
  3646 | D:5      | Killed from afar by an orc priest

Illustrated notes

Levels and vault maps discovered:
D:1:      amcnicky_arrival_gap_in_the_tavern_cellar, layout_rooms,
          ebering_ecumenical_altar_hall, minmay_split_cup_small
D:2:      layout_basic
D:3:      layout_rooms
D:4:      layout_loops_ring
D:5:      layout_basic, fedhas_altar_fruit_tree,
          mainiacjoe_overflow_catwalk_spiral, minmay_temple_entry_arrows

Skill      XL: |  1  2  3  4  5  6 |
---------------+-------------------+-----
Dodging        | 2 3 |  3.7
Fighting       | 2 3 4 |  4.2
Unarmed Combat | 4 5 6 |  6.1
Spellcasting   | |  2.0
Transmutations | |  2.0

Action                   |  1- 3 |  4- 6 |  7- 9 || total
-------------------------+-------+-------+-------++-------
Melee: Unarmed           |   106 |   174 |    17 ||   297
       Tailslap          |    12 |    21 |     2 ||    35
       Kick              |    18 |    51 |     5 ||    74
       Headbutt          |     4 |    22 |     3 ||    29
       Punch             |       |     2 |       ||     2
 Cast: Beastly Appendage |    15 |    41 |     2 ||    58
 Abil: Breathe Acid      |       |       |     1 ||     1
  Use: Potion            |       |     4 |       ||     4
 Stab: Sleeping          |       |     1 |       ||     1
Armor: Skin              |    35 |    42 |     3 ||    80
Dodge: Dodged            |    72 |    96 |     7 ||   175

Table legend: (Time is in decaauts)
 A = Elapsed time spent in this place.
 B = Non-inter-level travel time spent in this place.
 C = Inter-level travel time spent in this place.
 D = Time resting spent in this place.
 E = Time spent auto-exploring this place.
 F = Levels seen in this place.
 G = Mean time per level.
                   A        B        C        D        E       F      G
               +--------+--------+--------+--------+--------+-----+--------+
         Total |   3624 |   3556 |     68 |    633 |   2104 |   5 |  724.8 |
       Dungeon |   3624 |   3556 |     68 |    633 |   2104 |   5 |  724.8 |
               +--------+--------+--------+--------+--------+-----+--------+

Top non-repeatable levels by time:
     D:4: 1143 daAuts
     D:1: 837 daAuts
     D:2: 802 daAuts
     D:3: 541 daAuts
     D:5: 300 daAuts
